 Dungeon Crawl Stone Soup version 0.23.0 (webtiles) character file.

Game seed: 4739776525409915158

4676 Lavandula the Cleaver (level 10, 0/80 HPs)
             Began as a Centaur Wanderer on Feb 16, 2019.
             Was a Follower of Uskayaw.
             Slain by a killer bee (7 damage)
             ... on level 9 of the Dungeon.
             The game lasted 00:18:19 (11606 turns).

Lavandula the Cleaver (Centaur Wanderer)           Turns: 11606, Time: 00:18:20

Health: 0/80       AC:  8    Str: 22    XL:     10   Next: 21%
Magic:  12/12      EV:  9    Int: 10    God:    Uskayaw [*.....]
Gold:   397        SH:  0    Dex:  8    Spells: 11/11 levels left

rFire    + . .     SeeInvis .   G - +0 war axe of Ihiextesm {chop, rF+ Str+2} (curse)
rCold    . . .     Gourm    .   (no shield)
rNeg     . . .     Faith    .   F - +1 robe {MR+}
rPois    .         Spirit   .   t - +0 helmet
rElec    .         Reflect  .   s - +0 cloak
rCorr    .         Harm     .   B - +0 pair of gloves
MR       ++...     Rnd*Tele +   (no barding)
Stlth    +.........             (no amulet)
HPRegen  0.23/turn              D - ring of teleportation (curse)
MPRegen  0.13/turn              K - ring of protection from magic

@: lethally poisoned (0 -> -5), very quick
A: large, hooves 3, deformed body, speed 2, tough skin 3
a: Stomp, Renounce Religion


You were on level 9 of the Dungeon.
You worshipped Uskayaw.
Uskayaw was noncommittal.
You were not hungry.

You visited 1 branch of the dungeon, and saw 9 of its levels.
You also visited: Ossuary.

You collected 397 gold pieces.

Inventory:

Hand Weapons
 a - a +2 hand axe
 r - a +2 quarterstaff of chaos
 E - a +1 whip of draining
 G - the cursed +0 war axe of Ihiextesm (weapon) {chop, rF+ Str+2}
   (You found it on level 6 of the Dungeon)

   It inflicts extra damage upon your enemies.
   It affects your strength (+2).
   It protects you from fire.
   It has a curse placed upon it.
Missiles
 j - 97 bolts
Armour
 e - a +0 shield
 s - a +0 cloak (worn)
 t - a +0 helmet (worn)
 B - a +0 pair of gloves (worn)
 F - a +1 robe of magic resistance (worn)
Jewellery
 D - a cursed ring of teleportation (left hand)
 K - a ring of protection from magic (right hand)
Wands
 u - a wand of acid (8)
 J - a wand of paralysis (2)
Scrolls
 f - 9 scrolls of remove curse {unknown}
 g - 2 scrolls of enchant armour {unknown}
 i - 3 scrolls of enchant weapon {unknown}
 l - a scroll of fog {unknown}
 o - 3 scrolls of fear {unknown}
 p - 5 scrolls of teleportation {unknown}
 q - 5 scrolls of identify {unknown}
 v - 5 scrolls of immolation {unknown}
 w - 2 scrolls of amnesia {unknown}
 y - 2 scrolls of magic mapping {unknown}
 A - 2 scrolls of random uselessness {unknown}
 N - a scroll of noise {unknown}
Potions
 b - 3 potions of curing
 c - a potion of haste {unknown}
 h - 2 potions of degeneration {unknown}
 k - 2 potions of might {unknown}
 m - a potion of magic {unknown}
 n - 2 potions of flight {unknown}
 x - a potion of heal wounds {unknown}
 z - a potion of berserk rage {unknown}
 C - a potion of brilliance {unknown}
 H - a potion of invisibility {unknown}
 I - a potion of cancellation {unknown}
 L - a potion of ambrosia {unknown}
Comestibles
 d - 11 rations
 M - 3 chunks of flesh


   Skills:
 - Level 4.4 Fighting
 + Level 12.5 Axes
 - Level 1.5 Staves
 - Level 1.1 Throwing
 - Level 1.0 Armour
 - Level 1.0 Spellcasting
   Level 1.0 Hexes
   Level 1.0 Summonings
 - Level 3.7 Invocations
 - Level 1.0 Evocations


You had 11 spell levels left.
You didn't know any spells.
Your spell library contained the following spells:

 Spells                   Type           Power        Failure   Level  Hunger
 Beastly Appendage        Tmut           #.....       34%         1    ##.....
 Sticks to Snakes         Tmut           #.......     45%         2    ###....
 Spider Form              Tmut/Pois      #.........   71%         3    ####...
 Ice Form                 Ice/Tmut       #.......     98%         4    #####..
 Blade Hands              Tmut           #.........   100%        5    ######.


Dungeon Overview and Level Annotations

Branches:
Dungeon (9/15)             Temple (0/1) D:6
   Lair: D:8-11         Orc: D:9-12

Altars:
Ashenzari
Dithmenos
Fedhas
Gozag
Kikubaaqudgha
Makhleb
Qazlal
Uskayaw
Vehumet
The Shining One

Annotations:
D:8 1 runed translucent door


Innate Abilities, Weirdness & Mutations

You have hooves in place of feet.
Armour fits poorly on your strangely shaped body.
You cover ground very quickly.
You have extremely tough skin. (AC +3)


Message History

The killer bee stings you!
* * * LOW HITPOINT WARNING * * *
You are more poisoned.
The killer bee poisons you!
* * * LOW HITPOINT WARNING * * *
You feel sick.
* * * LOW HITPOINT WARNING * * *
You feel sick.
A sky beast appears from thin air!
Reactivating autopickup.
Okay, then.
You feel better. The killer bee stings you.
* * * LOW HITPOINT WARNING * * *
You are poisoned.
The killer bee poisons you!
Unknown command.
You feel better. The killer bee stings you.
* * * LOW HITPOINT WARNING * * *
You are poisoned.
The killer bee poisons you! The killer bee stings you!
You die... ......... ......# ........ ......# ........ ......# ........ ......# ###+#### ..... .. .oY

.# ####o# .#########
#####yyo.# .........#
#....@#...#
.........###.#.#.#.#.#
.........#...#.#.#.#...
.........#.#.#.#.#.#
#.#
.........#.#.#.#.#.#
...
.........#.###.#####
#.# .........#.# ..# >#
.........#.# ###
.........#.#


You could see a sky beast, 2 killer bees, an orc priest, an orc wizard and an
orc.

Vanquished Creatures
  Grinder (D:5)
  Prince Ribbit (D:7)
  A hippogriff (D:8)
  A spriggan (D:8)
  2 wraiths (Ossuary)
  Grum (D:8)
  A water moccasin (D:6)
  Duvessa (D:5)
  2 orc warriors
  A phantom (D:6)
  3 ice beasts (D:5)
  A black bear (D:8)
  A sky beast (D:6)
  A necrophage (D:7)
  2 wolves
  A crocodile (D:8)
  3 bullfrogs
  Dowan (D:5)
  A water moccasin zombie (D:8)
  4 scorpions
  7 wights
  An electric eel (D:8)
  A crimson imp (D:9)
  A bullfrog zombie (D:7)
  2 bullfrog skeletons
  3 hounds
  2 jellies
  10 orc wizards
  2 gnoll shamans
  4 orc priests
  Crazy Yiuf (D:2)
  A centaur skeleton (D:8)
  Natasha (thrice) (D:2)
  2 iguanas
  4 worker ants
  Ijyb (D:3)
  A hound zombie (D:5)
  A hound skeleton (D:6)
  A worker ant zombie (D:8)
  5 adders
  13 gnolls
  A shadow imp (D:6)
  An ooze (D:2)
  5 adder skeletons
  4 worms
  5 dart slugs
  5 leopard geckos
  23 orcs
  A giant cockroach (D:7)
  9 hobgoblins
  12 jackals
  4 kobolds
  4 quokkas
  4 ball pythons
  A ball python skeleton (Ossuary)
  7 bats
  7 frilled lizards
  6 goblins
  3 hobgoblin skeletons (Ossuary)
  2 jackal skeletons
  A kobold zombie (Ossuary)
  A leopard gecko zombie (D:5)
  An orc skeleton (Ossuary)
  An orc zombie (Ossuary)
  A quokka skeleton (D:4)
  8 rats
213 creatures vanquished.

Vanquished Creatures (others)
  A frilled lizard (D:3)
1 creature vanquished.

Grand Total: 214 creatures vanquished

Notes
Turn   | Place    | Note
-------+----------+-------------------------------------------
     0 | D:1      | Lavandula the Centaur Wanderer began the quest for the Orb.
     0 | D:1      | Lavandula set off with the following items: a +2 hand axe,
                  | a potion of curing, a +0 robe, a ration
     0 | D:1      | Reached XP level 1. HP: 19/19 MP: 2/2
    40 | D:1      | Reached XP level 2. HP: 11/26 MP: 3/3
   530 | D:1      | Reached XP level 3. HP: 33/33 MP: 4/4
  1006 | D:2      | Noticed Natasha
  1022 | D:2      | Killed Natasha
  1022 | D:2      | Reached skill level 2 in Axes
  1022 | D:2      | Reached XP level 4. HP: 11/41 MP: 5/5
  1330 | D:2      | Noticed Natasha
  1344 | D:2      | Killed Natasha
  1399 | D:2      | Noticed Natasha
  1405 | D:2      | Killed Natasha
  1405 | D:2      | Reached skill level 3 in Axes
  1614 | D:2      | Found a stormy altar of Qazlal.
  1793 | D:2      | Found a hide-covered altar of Uskayaw.
  1812 | D:2      | Reached XP level 5. HP: 47/47 MP: 6/6
  1815 | D:2      | Became a worshipper of Uskayaw the Reveler
  1971 | D:2      | Found a runed translucent door.
  1972 | D:2      | Noticed Crazy Yiuf
  1976 | D:2      | Reached * piety under Uskayaw
  1980 | D:2      | Killed Crazy Yiuf
  1980 | D:2      | Reached ** piety under Uskayaw
  2381 | D:3      | Reached skill level 1 in Staves
  2631 | D:3      | Noticed Ijyb
  2646 | D:3      | Killed Ijyb
  2737 | D:3      | Reached skill level 4 in Axes
  2982 | D:3      | Reached XP level 6. HP: 45/53 MP: 7/7
  3602 | D:4      | Reached skill level 1 in Invocations
  3738 | D:4      | Found a blossoming altar of Fedhas.
  3805 | D:4      | Reached *** piety under Uskayaw
  3807 | D:4      | Reached **** piety under Uskayaw
  3810 | D:4      | HP: 2/53 [gnoll (3)]
  4596 | D:4      | Reached XP level 7. HP: 39/60 MP: 9/9
  4755 | D:4      | Found an opulent altar of Gozag.
  5235 | D:5      | Entered Level 5 of the Dungeon
  5235 | D:5      | Found a shattered altar of Ashenzari.
  5297 | D:5      | Reached skill level 5 in Axes
  5318 | D:5      | Noticed Duvessa
  5318 | D:5      | Noticed Dowan
  5327 | D:5      | Noticed Grinder
  5333 | D:5      | Killed Duvessa
  5333 | D:5      | Reached skill level 6 in Axes
  5337 | D:5      | Reached ***** piety under Uskayaw
  5339 | D:5      | Killed Dowan
  5340 | D:5      | Killed Grinder
  5340 | D:5      | Reached skill level 7 in Axes
  5340 | D:5      | Reached XP level 8. HP: 21/67 MP: 10/10
  5768 | D:5      | Found an ancient bone altar of Kikubaaqudgha.
  6112 | D:6      | Reached skill level 8 in Axes
  6299 | D:6      | Found a staircase to the Ecumenical Temple.
  6532 | D:6      | Got an iridescent war axe
  6537 | D:6      | Identified the cursed +0 war axe of Ihiextesm {chop, rF+
                  | Str+2} (You found it on level 6 of the Dungeon)
  6642 | D:6      | Reached skill level 9 in Axes
  6670 | D:6      | HP: 3/67 [acid (7)]
  7061 | D:6      | Found a burning altar of Makhleb.
  7148 | D:6      | Reached XP level 9. HP: 64/72 MP: 11/11
  7247 | D:6      | Reached skill level 10 in Axes
  7567 | D:6      | Found a shadowy altar of Dithmenos.
  7573 | D:6      | Found a radiant altar of Vehumet.
  7674 | D:7      | Noticed Prince Ribbit
  8101 | D:7      | Killed Prince Ribbit
  8160 | D:7      | Found a sand-covered staircase.
  8175 | Ossuary  | Entered an ossuary
  8776 | Ossuary  | Reached skill level 11 in Axes
  9505 | D:7      | Found a glowing golden altar of the Shining One.
  9672 | D:8      | Found a runed translucent door.
  9672 | D:8      | Noticed a sixfirhy
  9685 | D:8      | Noticed Grum
 10163 | D:8      | Reached skill level 12 in Axes
 10163 | D:8      | Reached XP level 10. HP: 8/79 MP: 12/12
 10486 | D:8      | Killed Grum
 11606 | D:9      | Slain by a killer bee

Skill      XL: |  1  2  3  4  5  6  7  8  9 |
---------------+----------------------------+-----
Fighting       | 4 |  4.4
Axes           | 2 3 4 7 9 12 | 12.5
Staves         | 1 |  1.5
Invocations    | 3 |  3.7
Throwing       | |  1.1
Armour         | |  1.0
Spellcasting   | |  1.0
Hexes          | |  1.0
Summonings     | |  1.0
Evocations     | |  1.0

Action                   |  1- 3 |  4- 6 |  7- 9 | 10-12 || total
-------------------------+-------+-------+-------+-------++-------
Melee: Hand axe          |    78 |   100 |   153 |       ||   331
       Kick              |     7 |    34 |    83 |    12 ||   136
       Quarterstaff      |       |    43 |       |       ||    43
       War axe           |       |       |   213 |    81 ||   294
Invok: Line Pass         |       |     1 |     1 |       ||     2
Evoke: Wand              |       |     1 |     3 |       ||     4
  Use: Potion            |       |       |       |     2 ||     2
 Stab: Paralysed         |       |    10 |    26 |     3 ||    39
  Eat: Chunk             |       |     5 |    10 |     1 ||    16
       Ration            |       |     1 |     2 |     1 ||     4
Armor: Robe              |    31 |    35 |   124 |    20 ||   210
Dodge: Dodged            |    40 |    69 |   158 |    26 ||   293
